 Dungeon Crawl Stone Soup version 0.32-a0-391-gce5c0aab1b (webtiles) character file.

Game seed: 4978932359969456637

172 Sobieck the Chopper (level 5, -4/63 HPs)
             Began as a Coglin Berserker on Feb 19, 2024.
             Was a Believer of Trog.
             Slain by a +3 spectral club (5 damage)
             ... created by Ijyb
             ... on level 3 of the Dungeon.
             The game lasted 00:02:57 (1767 turns).

Sobieck the Chopper (Coglin Berserker)              Turns: 1767, Time: 00:02:58

Health: -4/63      AC:  6    Str: 19    XL:     5   Next: 53%
Magic:  1/1        EV: 11    Int:  7    God:    Trog [**....]
Gold:   69         SH:  0    Dex: 13    Spells: 4/4 levels left

rFire   . . .        a - +0 hand axe {Tejnoor}
rCold   . . .        w - +0 mace (antimagic) {Zihan}
rNeg    . . .        z - +0 ring mail
rPois   .            (no helmet)
rElec   .            l - +0 cloak
rCorr   .            (no gloves)
SInv    .            (no boots)
Will    .....        (no amulet) Stlth
                     (no ring)
HPRegen 0.30/turn    (no ring)
MPRegen 0.07/turn

%: no passive effects
@: berserking, revved, stiff-legged, very slow
A: off-hand wielding, slow wielding, warmup strikes, warmup strides
a: Renounce Religion, Berserk, Trog's Hand


You were on level 3 of the Dungeon.
You worshipped Trog.
Trog was pleased with you.
You visited 1 branch of the dungeon, and saw 3 of its levels.

You collected 69 gold pieces.

Inventory:

Hand Weapons
 a - a +0 hand axe (weapon) {Tejnoor}
 d - a +0 dagger {Kun}
 o - a +0 whip {Francisco}
 s - a +2 dagger of flaming
 w - a +0 antimagic mace (worn) {Zihan}
Missiles
 j - 42 stones
 k - 6 poisoned darts
 t - 5 boomerangs
 v - 2 javelins (quivered)
Armour
 b - a +0 animal skin
 i - a +0 leather armour
 l - a +0 cloak (worn)
 z - a +0 ring mail (worn)
Scrolls
 e - 6 scrolls of teleportation {unknown}
 f - 3 scrolls of identify {unknown}
 g - 2 scrolls of immolation {unknown}
 h - 3 scrolls of enchant weapon {unknown}
 n - 3 scrolls of amnesia {unknown}
 y - a scroll of blinking {unknown}
Potions
 c - 2 potions of haste {unknown}
 m - a potion of magic {unknown}
 p - a potion of brilliance {unknown}
 q - a potion of might {unknown}
 r - a potion of resistance {unknown}
 u - a potion of berserk rage {unknown}
 x - a potion of attraction {unknown}


   Skills:
 + Level 3.7 Fighting
 * Level 4.4 Axes
 + Level 2.7 Armour
 - Level 2.0 Dodging
 + Level 2.5 Evocations


You had 4 spell levels left.
You didn't know any spells.
Your spell library was empty.

Dungeon Overview and Level Annotations

Branches:
Dungeon (3/15)

Altars:
Okawaru

Annotations:
D:3 Ijyb


Innate Abilities, Weirdness & Mutations

You can wield a second weapon in your off-hand.
It takes a long time for you to wield or remove held weapons.
Your first few attacks do less damage.
Your first movements take longer.


Message History

Ijyb hits you with a +3 spectral club. The +3 spectral club hits you.
A +3 spectral club comes into view.
Unknown command.
You thump Ijyb with your +0 antimagic mace!
Ijyb is moderately wounded.
You hit Ijyb but do no damage.
You closely miss the +3 spectral club with your +0 hand axe.
Ijyb hits you with a +3 spectral club. The +3 spectral club misses you.
You barely miss Ijyb with your +0 antimagic mace.
Ijyb is moderately wounded.
You barely miss Ijyb with your +0 hand axe.
You barely miss the +3 spectral club with your +0 hand axe.
Ijyb zaps a wand.
The bolt of light hits you!
You are confused.
* * * LOW HITPOINT WARNING * * *
You closely miss Ijyb with your +0 antimagic mace.
Ijyb is moderately wounded.
You closely miss Ijyb with your +0 hand axe.
You hit the +3 spectral club but do no damage.
The +3 spectral club disappears.
Ijyb zaps a wand.
The bolt of light hits you!
* * * LOW HITPOINT WARNING * * *
You bump into the rock wall.
You feel less confused. Ijyb hits you with a +3 spectral club.
* * * LOW HITPOINT WARNING * * *
The +3 spectral club barely misses you.
A +3 spectral club comes into view.
Unknown command.
You closely miss Ijyb with your +0 hand axe.
Ijyb is moderately wounded.
You hit the +3 spectral club but do no damage.
You closely miss Ijyb with your +0 antimagic mace.
Ijyb hits you with a +3 spectral club.
* * * LOW HITPOINT WARNING * * *
The +3 spectral club hits you.
* * * LOW HITPOINT WARNING * * *
Unknown command.
A red film seems to cover your vision as you go berserk!
You feel yourself moving faster!
You feel mighty! Ijyb hits you with a +3 spectral club.
* * * LOW HITPOINT WARNING * * *
The +3 spectral club hits you.
* * * LOW HITPOINT WARNING * * *
You hit Ijyb but do no damage.
Ijyb is moderately wounded.
You hit the +3 spectral club but do no damage.
You barely miss Ijyb with your +0 antimagic mace.
Ijyb screams, "I no like you!" Ijyb hits you but does no damage.
The +3 spectral club hits you.
You die...

############
#..(g....... #.###
####.##@## ..#..
.........#
#.#.#######.##.#######
#.#.#.........).......
#.#.#.#####.##.#######
#.#.#.# #.##.# #.#.#.#
#)##.# ###.....#
#.##.# .....#.##
#.##.#


You could see a +3 spectral club and Ijyb.

Vanquished Creatures
  Terence (D:2)
  3 adders (D:2)
  A ribbon worm (D:2)
  6 dart slugs
  4 ball pythons
  3 bats
  7 endoplasms
  2 giant cockroaches
  8 goblins
  4 hobgoblins
  5 jackals
  9 kobolds
  2 frilled lizards
  3 rats
58 creatures vanquished.

Notes
Turn   | Place    | Note
-------+----------+-------------------------------------------
     0 | D:1      | Sobieck the Coglin Berserker began the quest for the Orb.
     0 | D:1      | Reached XP level 1. HP: 18/18 MP: 1/1
    84 | D:1      | Reached XP level 2. HP: 19/24 MP: 2/2
   237 | D:1      | Reached skill level 1 in Evocations
   245 | D:1      | Found a faded altar of an unknown god.
   321 | D:1      | Reached XP level 3. HP: 25/29 MP: 3/3
   432 | D:1      | Reached ** piety under Trog
   614 | D:1      | Reached XP level 4. HP: 35/35 MP: 4/4
  1061 | D:2      | Reached skill level 4 in Axes
  1166 | D:2      | Reached XP level 5. HP: 41/41 MP: 5/5
  1201 | D:2      | Noticed Terence
  1208 | D:2      | Killed Terence
  1257 | D:2      | Found an iron altar of Okawaru.
  1754 | D:3      | Noticed Ijyb
  1766 | D:3      | HP: 1/63 [+3 spectral club[Ijyb] (4)]
  1767 | D:3      | Slain by a +3 spectral club

Illustrated notes

Levels and vault maps discovered:
D:1:      psy_arrival_basics, layout_loops_corners,
          dreamdust_ecumenical_altar_grove
D:2:      layout_rooms, basic_altar, bh_walls_and_bars, uniq_terence
D:3:      layout_loops_ring, minmay_liquid_box, serial_bayou_lagoon_b, uniq_ijyb

Skill      XL: |  1  2  3  4 |
---------------+-------------+-----
Armour         | 2 |  2.7
Dodging        | 2 |  2.0
Evocations     | 1 2 |  2.5
Axes           | 4 |  4.4
Fighting       | |  3.7

Action                     |  1- 3 |  4- 6 || total
---------------------------+-------+-------++-------
  Melee: Hand axe          |    47 |    61 ||   108
         Dagger            |    40 |    11 ||    51
         Whip              |       |    21 ||    21
         Mace              |       |    27 ||    27
 Invoke: Berserk           |       |     1 ||     1
 Armour: Animal skin       |     5 |       ||     5
         Leather armour    |    24 |    27 ||    51
         Ring mail         |       |    31 ||    31
  Dodge: Dodged            |    29 |    53 ||    82

Table legend: (Time is in decaauts)
 A = Elapsed time spent in this place.
 B = Non-inter-level travel time spent in this place.
 C = Inter-level travel time spent in this place.
 D = Time resting spent in this place.
 E = Time spent auto-exploring this place.
 F = Levels seen in this place.
 G = Mean time per level.
                   A        B        C        D        E       F      G
               +--------+--------+--------+--------+--------+-----+--------+
         Total |   1870 |   1830 |     40 |     69 |   1350 |   3 |  623.3 |
       Dungeon |   1870 |   1830 |     40 |     69 |   1350 |   3 |  623.3 |
               +--------+--------+--------+--------+--------+-----+--------+

Top non-repeatable levels by time:
     D:1: 1020 daAuts
     D:2: 674 daAuts
     D:3: 175 daAuts
